 Dungeon Crawl Stone Soup version 0.30-a0-845-g7c6808c8ce (webtiles) character file.

Game seed: 2724987520139579004

134 qeuew the Shooter (level 5, -1/32 HPs)
             Began as a Kobold Hunter on Mar 2, 2023.
             Was an Initiate of Dithmenos.
             Slain by a gnoll
             ... wielding a +0 whip
              (9 damage)
             ... on level 4 of the Dungeon.
             The game lasted 00:02:50 (2597 turns).

qeuew the Shooter (Kobold Hunter)                   Turns: 2597, Time: 00:02:51

Health: -1/32      AC:  3    Str:  9    XL:     5   Next: 40%
Magic:  5/5        EV: 15    Int: 10    God:    Dithmenos [......]
Gold:   272        SH:  0    Dex: 20    Spells: 4/4 levels left

rFire   . . .      SeeInvis .    a - +1 shortbow
rCold   . . .      Faith    .    (shield currently unavailable)
rNeg    . . .      Spirit   .    c - +0 leather armour
rPois   .          Reflect  .    (no helmet)
rElec   .          Rampage  .    (no cloak)
rCorr   .                        (no gloves)
Will    .....                    (no boots)
Stlth   +++                      (no amulet)
HPRegen 0.25/turn                (no ring)
MPRegen 0.09/turn                (no ring)

@: no status effects
A: small, no large weapons, nightstalker 3
a: Renounce Religion


You were on level 4 of the Dungeon.
You worshipped Dithmenos.
Dithmenos was noncommittal.
You visited 1 branch of the dungeon, and saw 4 of its levels.

You collected 272 gold pieces.

Inventory:

Hand Weapons
 a - a +1 shortbow (weapon)
 d - a +0 dagger
Armour
 c - a +0 leather armour (worn)
Scrolls
 b - 3 scrolls of immolation
 e - a scroll of magic mapping
 g - a scroll of blinking
 k - a scroll of enchant armour {unknown}
Potions
 f - a potion of attraction {unknown}
 i - a potion of flight
 j - 2 potions of ambrosia
 m - a potion of curing


   Skills:
 + Level 3.0 Fighting
 + Level 1.9 Short Blades
 * Level 6.4 Ranged Weapons
 + Level 3.3 Dodging
 + Level 3.2 Stealth
 + Level 0.7 Invocations


You had 4 spell levels left.
You didn't know any spells.
Your spell library contained the following spells:

 Spells                   Type           Power      Damage    Failure   Level
 Portal Projectile        Hex/Tloc       0%         N/A       85%         3
 Tukima's Dance           Hex            0%         N/A       85%         3
 Blade Hands              Tmut           0%         N/A       100%        5


Dungeon Overview and Level Annotations

Branches:
Dungeon (4/15)             Temple (0/1) D:4

Altars:
Dithmenos

Shops:
D:2 (


Innate Abilities, Weirdness & Mutations

You are small and have problems with some larger weapons.
You are completely attuned to the shadows.


Message History

A gnoll is nearby!
You shoot an arrow. The gnoll shouts!
The arrow hits the gnoll but does no damage.
You hear a shout!
You shoot an arrow. The arrow hits the gnoll.
The gnoll is heavily wounded.
You shoot an arrow. The arrow hits the gnoll.
The gnoll is severely wounded.
A gnoll comes into view. It is wielding a +0 halberd.
The gnoll closely misses you.
You shoot an arrow. The arrow hits the gnoll.
The gnoll is almost dead.
A gnoll comes into view. It is wielding a +0 whip.
The gnoll barely misses you. x2
You shoot an arrow. The arrow hits the gnoll.
You kill the gnoll!
Dithmenos accepts your kill. The gnoll completely misses you.
You shoot an arrow. The arrow hits the gnoll.
The gnoll is lightly wounded.
The gnoll hits you from afar with a +0 halberd!
You shoot an arrow. The arrow hits the gnoll.
The gnoll is lightly wounded.
The gnoll closely misses you. x2
You shoot an arrow. The arrow hits the gnoll.
The gnoll is moderately wounded.
The gnoll completely misses you.
The gnoll hits you from afar with a +0 halberd!
* * * LOW HITPOINT WARNING * * *
You are too injured to fight recklessly!
You are too injured to fight recklessly!
You are too injured to fight recklessly!
You are too injured to fight recklessly!
You are too injured to fight recklessly!
The gnoll attacks as you move away! The gnoll hits you but does no damage.
There is a staircase to the Ecumenical Temple here.
You can't go up here!
The gnoll hits you with a +0 whip!
You die...

#####......###....
#....###..........
#.##.###.#.#.#...
#.##..<#.#.#.#.##.
#....###..........
####.#
#.#.##.#.##.
#.#...#....#....
..#.# ...#...#.
.##.#.@g#
......)g..
.#.#.#....
#.#.#.##. . .....


You could see 2 gnolls.

Vanquished Creatures
  A gnoll (D:4)
  4 adders
  4 worms
  A dart slug (D:1)
  5 orcs (D:3)
  3 ball pythons
  6 bats
  7 endoplasms
  A giant cockroach (D:1)
  5 goblins
  9 hobgoblins
  7 kobolds
  2 quokkas
  4 frilled lizards
  8 rats
67 creatures vanquished.

Vanquished Creatures (others)
  5 plants (D:1)
  2 toadstools (D:1)
7 creatures vanquished.

Grand Total: 74 creatures vanquished

Notes
Turn   | Place    | Note
-------+----------+-------------------------------------------
     0 | D:1      | qeuew the Kobold Hunter began the quest for the Orb.
     0 | D:1      | Reached XP level 1. HP: 12/12 MP: 1/1
    22 | D:1      | Reached XP level 2. HP: 12/18 MP: 2/2
   262 | D:1      | Reached XP level 3. HP: 22/22 MP: 3/3
   450 | D:1      | Reached skill level 1 in Short Blades
   450 | D:1      | You fall into a shaft and drop 1 floor!
   987 | D:2      | Reached XP level 4. HP: 22/27 MP: 4/4
  1090 | D:2      | Found Jiskedda's Weapon Shop.
  1413 | D:2      | Reached skill level 6 in Ranged Weapons
  1629 | D:3      | Found a shadowy altar of Dithmenos.
  1649 | D:3      | Became a worshipper of Dithmenos the Shadowed
  1958 | D:3      | Reached XP level 5. HP: 21/32 MP: 5/5
  2581 | D:4      | Found a staircase to the Ecumenical Temple.
  2597 | D:4      | Slain by a gnoll

Illustrated notes

Levels and vault maps discovered:
D:1:      eino_arrival_water_cross, layout_basic, minmay_gold_behind_fungi
D:2:      layout_loops_ring, serial_shops, shop_statue
D:3:      layout_loops_corners, lemuel_round_altar
D:4:      layout_basic, minmay_temple_entry_ruins, lemuel_flame_loot_1,
          uniq_crazy_yiuf_cottage

Skill      XL: |  1  2  3  4  5 |
---------------+----------------+-----
Stealth        | 2 3 |  3.2
Short Blades   | 1 |  1.9
Dodging        | 3 |  3.3
Ranged Weapons | 6 |  6.4
Fighting       | 3 |  3.0
Invocations    | |  0.7

Action                     |  1- 3 |  4- 6 || total
---------------------------+-------+-------++-------
   Fire: Shortbow          |    73 |    90 ||   163
    Use: Scroll            |     4 |     7 ||    11
         Potion            |     2 |       ||     2
 Armour: Leather armour    |     8 |     4 ||    12
  Dodge: Dodged            |    33 |    36 ||    69

Table legend: (Time is in decaauts)
 A = Elapsed time spent in this place.
 B = Non-inter-level travel time spent in this place.
 C = Inter-level travel time spent in this place.
 D = Time resting spent in this place.
 E = Time spent auto-exploring this place.
 F = Levels seen in this place.
 G = Mean time per level.
                   A        B        C        D        E       F      G
               +--------+--------+--------+--------+--------+-----+--------+
         Total |   2638 |   2583 |     55 |      0 |   2236 |   4 |  659.5 |
       Dungeon |   2638 |   2583 |     55 |      0 |   2236 |   4 |  659.5 |
               +--------+--------+--------+--------+--------+-----+--------+

Top non-repeatable levels by time:
     D:3: 952 daAuts
     D:1: 912 daAuts
     D:2: 734 daAuts
     D:4: 38 daAuts
